[Event "55th Rubinstein Memorial-A 2019"]
[Site "Polanica-Zdroj"]
[Date "2019.08.18"]
[Round "2.26"]
[White "Konopacka, Martyna"]
[Black "Siekanski, Janusz"]
[Result "0-1"]
[ECO "B80"]
[WhiteElo "1845"]
[BlackElo "2263"]
[Annotator "NA"]
[PlyCount "82"]
[EventDate "2019.08.17"]
[EventType "swiss"]
[EventCountry "POL"]
[SourceTitle "playchess.com"]
[Source "ChessBase"]
[SourceQuality "1"]
[TimeControl "40/5400+30:1800+30"]

1. e4 c5 2. Nc3 e6 3. Nf3 d6 4. d4 cxd4 5. Nxd4 Nf6 6. g3 Be7 7. Bg2 O-O 8. O-O Nc6 9. Be3 Bd7 10. f4 a6 11. a4 Qc7 12. Nb3 b6 13. g4 Bc8 14. g5 Nd7 15. Qh5 g6 $16 16. Qh4 Re8 17. Rf3 Bf8 18. Raf1 Bb7 19. Nd4 Bg7 20. Nde2 f5 21. Rh3 Nf8 22. Rd1 Ne7 23. Qf2 Bxe4 24. Nxe4 fxe4 25. Bxe4 d5 26. Bxb6 Qc6 27. Bd3 Bxb2 28. a5 Nf5 29. Rb1 Bg7 30. Nd4 Nxd4 31. Bxd4 e5 32. fxe5 Bxe5 33. Rb6 Qd7 34. Rh4 Bxd4 35. Rxd4 Ne6 36. Rg4 Nc5 37. Rgb4 Ne4 38. Qf4 Rf8 39. Rb8 Raxb8 40. Rxb8 Qa7+ 41. Kg2 Qxb8 0-1

[Event "55th Rubinstein Memorial-A 2019"]
[Site "Polanica-Zdroj"]
[Date "2019.08.18"]
[Round "2.27"]
[White "Raclawicki, Kacper"]
[Black "Jaroch, Karol"]
[Result "0-1"]
[ECO "A22"]
[WhiteElo "1835"]
[BlackElo "2231"]
[Annotator "NA"]
[PlyCount "142"]
[EventDate "2019.08.17"]
[EventType "swiss"]
[EventCountry "POL"]
[SourceTitle "playchess.com"]
[Source "ChessBase"]
[SourceQuality "1"]
[TimeControl "40/5400+30:1800+30"]

1. c4 Nf6 2. Nc3 e5 3. g3 Bc5 4. Bg2 c6 5. e4 (5. e3 O-O 6. Nge2 d5 7. cxd5 Nxd5 8. d4 exd4 9. Nxd5 cxd5 10. Nxd4 Nc6 11. Nxc6 bxc6 12. O-O Be6 13. Qc2 Qb6 {½-½ (28) Carlsen,M (2843)-Ding,L (2791) Stavanger 2018}) 5... O-O 6. Nge2 {[%emt 0:10:47] A23: English Opening: 1...e5 2 Nc3 Nf6 3 g3 c6} d6 7. O-O Bg4 8. h3 Be6 9. b3 $146 ({Predecessor:} 9. d3 h6 10. Kh2 Nbd7 11. a3 a5 12. f4 Nb8 {½-½ (33) Boc,G (1710)-Janzekovic,A (1518) Slovenia 2016}) 9... d5 10. cxd5 cxd5 11. d4 exd4 12. Nxd4 Bxd4 13. Qxd4 Nc6 14. Qd1 Nxe4 15. Nxe4 dxe4 16. Bxe4 Qxd1 17. Rxd1 Bxh3 18. Be3 Rfe8 19. Bxc6 bxc6 $11 20. Rd6 Re6 21. Rad1 a6 22. Rd8+ Re8 23. Rxa8 Rxa8 24. Rd6 Rc8 25. b4 Be6 26. a3 Kf8 27. Bc5 Ke8 28. Rd3 f6 29. a4 Rc7 30. a5 Bd5 31. f3 Rd7 32. Kf2 g5 33. Rd1 Kf7 34. g4 Rd8 35. Rd3 Kg6 36. Kg3 f5 37. f4 gxf4+ 38. Kxf4 fxg4 39. Re3 h5 40. Re5 Bf7 41. Rg5+ Kh6 42. Rf5 Kg7 43. Rg5+ Bg6 44. Re5 Bf7 45. Rg5+ Kh7 46. Rf5 Kg7 47. Rg5+ Bg6 48. Re5 Rd3 49. Re3 Rd5 50. Re5 Rd1 51. Kg5 Bf7 52. Bf2 Rd2 53. Be3 Rd6 54. Bf2 Rg6+ 55. Kh4 g3 56. Bxg3 Rg4+ 57. Kh3 Rxb4 58. Rg5+ Kf6 59. Rc5 Bd5 60. Bc7 Rc4 61. Rxc4 Bxc4 62. Kg3 Kf5 63. Kf3 h4 64. Bd8 h3 65. Bc7 Bd5+ 66. Kg3 Bg2 67. Kf2 Ke4 68. Ke2 Bf3+ 69. Kd2 Bg4 70. Kc3 Be2 71. Kd2 Bb5 0-1

[Event "55th Rubinstein Memorial-A 2019"]
[Site "Polanica-Zdroj"]
[Date "2019.08.19"]
[Round "3.1"]
[White "Warakomski, Tomasz"]
[Black "Jaskolka, Tomasz"]
[Result "1-0"]
[ECO "C06"]
[WhiteElo "2497"]
[BlackElo "2227"]
[Annotator "ChessBase"]
[PlyCount "134"]
[EventDate "2019.08.17"]
[EventType "swiss"]
[EventCountry "POL"]
[SourceTitle "playchess.com"]
[Source "ChessBase"]
[SourceQuality "1"]
[TimeControl "40/5400+30:1800+30"]

1. e4 e6 2. d4 d5 3. Nd2 Nf6 4. e5 Nfd7 5. c3 c5 6. Bd3 Nc6 7. Ne2 cxd4 8. cxd4 f6 9. exf6 Nxf6 10. Nf3 Bd6 11. O-O Qc7 12. Nc3 a6 13. h3 O-O 14. Re1 Bd7 15. Bd2 Rae8 16. Rc1 Qb8 17. a3 Kh8 18. Bg5 Bf4 19. Bxf4 Qxf4 20. Ne2 Qd6 21. Ng3 Qf4 22. Ne2 Qd6 23. Qd2 e5 24. dxe5 Nxe5 25. Nxe5 Rxe5 26. Ng3 Rfe8 27. Re2 Rxe2 28. Bxe2 Qe5 29. Bf3 Bc6 30. Ne2 Ne4 31. Qd4 Qg5 32. Rd1 Rf8 33. Qe3 Qf6 34. Nd4 Bd7 35. Bxe4 dxe4 36. Ne2 Bc6 37. Nc3 h6 38. Rd4 Rd8 39. Ne2 Rxd4 40. Nxd4 Qd6 41. Qc3 Bd7 42. Kf1 Qh2 43. Qg3 Qh1+ 44. Ke2 Ba4 45. b3 Qa1 46. Ke3 Qc3+ 47. Kxe4 Bc6+ 48. Nxc6 Qxc6+ 49. Ke5 Qf6+ 50. Kd5 Qc6+ 51. Kd4 Qb6+ 52. Kc3 Qc5+ 53. Kb2 Qd4+ 54. Kc2 Qc5+ 55. Kb1 Qd5 56. b4 Qd1+ 57. Kb2 Qd2+ 58. Kb3 Qd5+ 59. Kc3 Qc6+ 60. Kb2 Qf6+ 61. Kb1 Qf5+ 62. Kc1 Qd5 63. Qg4 Qd3 64. Qc8+ Kh7 65. Qc2 Qxc2+ 66. Kxc2 Kg6 67. Kd3 Kf5 1-0

[Event "55th Rubinstein Memorial-A 2019"]
[Site "Polanica-Zdroj"]
[Date "2019.08.19"]
[Round "3.2"]
[White "Lukasiewicz, Krzysztof"]
[Black "Shishkin, Vadim"]
[Result "1/2-1/2"]
[ECO "B58"]
[WhiteElo "2185"]
[BlackElo "2445"]
[Annotator "NA"]
[PlyCount "63"]
[EventDate "2019.08.17"]
[EventType "swiss"]
[EventCountry "POL"]
[SourceTitle "playchess.com"]
[Source "ChessBase"]
[SourceQuality "1"]
[TimeControl "40/5400+30:1800+30"]

1. e4 c5 2. Nf3 Nc6 3. d4 cxd4 4. Nxd4 Nf6 5. Nc3 d6 6. Be2 e5 7. Nf3 Be7 8. Bg5 Be6 9. O-O O-O 10. a3 h6 11. Bxf6 Bxf6 12. Nd5 Bxd5 13. Qxd5 Qc7 14. c3 Rfd8 15. Qa2 Rac8 16. Rad1 Ne7 17. Bb5 g6 18. Ba4 Kg7 19. Bb3 Rf8 20. g3 Ng8 21. Rfe1 Be7 22. Nd2 Nf6 23. Nf1 Qc5 24. Bc2 Bd8 25. Ne3 Bb6 26. Rd2 Rfd8 27. Nd5 Nxd5 28. Qxd5 Qxd5 29. Rxd5 Kf6 30. Red1 Ke7 31. Kg2 a6 32. Bb3 1/2-1/2

[Event "55th Rubinstein Memorial-A 2019"]
[Site "Polanica-Zdroj"]
[Date "2019.08.19"]
[Round "3.3"]
[White "Cukrowski, Filip"]
[Black "Wisniewski, Michal"]
[Result "1-0"]
[ECO "B50"]
[WhiteElo "2424"]
[BlackElo "2130"]
[Annotator "NA"]
[PlyCount "123"]
[EventDate "2019.08.17"]
[EventType "swiss"]
[EventCountry "POL"]
[SourceTitle "playchess.com"]
[Source "ChessBase"]
[SourceQuality "1"]
[TimeControl "40/5400+30:1800+30"]

1. e4 c5 2. Nf3 d6 3. c3 Nf6 4. Be2 Nbd7 5. d3 g6 6. O-O Bg7 7. Re1 O-O 8. Nbd2 b6 9. d4 cxd4 10. cxd4 e5 11. dxe5 dxe5 12. Nc4 Bb7 13. Ng5 Nxe4 14. Nxe4 Bxe4 15. Bg4 Nc5 16. b4 Qxd1 17. Rxd1 Nd3 18. Nd6 Bc6 19. b5 e4 20. bxc6 Bxa1 21. Ba3 f5 22. Nxe4 Rfc8 23. Bf3 Ne5 24. Nf6+ Kf7 25. Bd5+ Kxf6 26. Rxa1 Nxc6 27. Re1 Re8 28. Bb2+ Kg5 29. f4+ Kh6 30. Rxe8 Rxe8 31. Bxc6 Re2 32. Ba3 g5 33. fxg5+ Kxg5 34. Bd5 b5 35. Kf1 Rc2 36. Bb3 Rc8 37. Bb4 Kg6 38. Ke2 Rc1 39. g3 Rh1 40. h4 f4 41. gxf4 Rxh4 42. Kf3 h5 43. Bc2+ Kf6 44. Bc3+ Kf7 45. Ke4 Rh2 46. Bb3+ Ke8 47. Be5 h4 48. Kf3 a5 49. f5 Rd2 50. Ke3 Rd7 51. Be6 Rh7 52. f6 h3 53. Bh2 Rf7 54. Bxf7+ Kxf7 55. Kd4 Kxf6 56. Kc5 b4 57. Kb5 Ke6 58. Kxa5 Kd5 59. Kb5 Ke6 60. Kxb4 Kd7 61. Kb5 Kc8 62. Kb6 1-0

[Event "55th Rubinstein Memorial-A 2019"]
[Site "Polanica-Zdroj"]
[Date "2019.08.19"]
[Round "3.4"]
[White "Oglaza, Oskar"]
[Black "Luba, Lukasz"]
[Result "1-0"]
[ECO "C41"]
[WhiteElo "2367"]
[BlackElo "2130"]
[Annotator "NA"]
[PlyCount "79"]
[EventDate "2019.08.17"]
[EventType "swiss"]
[EventCountry "POL"]
[SourceTitle "playchess.com"]
[Source "ChessBase"]
[SourceQuality "1"]
[TimeControl "40/5400+30:1800+30"]

1. e4 e5 2. Nf3 d6 3. d4 exd4 4. Nxd4 Nf6 5. Nc3 Nc6 6. Nxc6 bxc6 7. Bc4 Be6 8. Bb3 Be7 9. Ba4 Bd7 10. O-O O-O 11. Bf4 Rb8 12. Re1 Ng4 13. Bb3 Bh4 14. g3 Bf6 15. f3 Ne5 16. Bxe5 Bxe5 17. f4 Bxc3 18. bxc3 Qc8 19. Qd2 Qa6 20. Qd3 Qa5 21. Rad1 g6 22. Qf3 Kg7 23. g4 h5 24. gxh5 Qc5+ 25. Kh1 Rh8 26. hxg6 Rh3 27. Qg2 f6 28. e5 fxe5 29. Rxe5 d5 30. Rde1 Rbh8 31. Re7+ Kg8 32. Rh7 R8xh7 33. gxh7+ Kxh7 34. Rg1 Qf8 35. c4 Bf5 36. Re1 Qb4 37. Re8 Rxb3 38. Qg8+ Kh6 39. Qh8+ Kg6 40. Rg8+ 1-0

[Event "55th Rubinstein Memorial-A 2019"]
[Site "Polanica-Zdroj"]
[Date "2019.08.19"]
[Round "3.5"]
[White "Slomczewski, Michal"]
[Black "Grabarczyk, Miroslaw"]
[Result "0-1"]
[ECO "A09"]
[WhiteElo "2115"]
[BlackElo "2362"]
[Annotator "NA"]
[PlyCount "82"]
[EventDate "2019.08.17"]
[EventType "swiss"]
[EventCountry "POL"]
[SourceTitle "playchess.com"]
[Source "ChessBase"]
[SourceQuality "1"]
[TimeControl "40/5400+30:1800+30"]

1. Nf3 d5 2. c4 d4 3. e3 Nc6 4. d3 e5 5. Be2 Nf6 6. O-O Be7 7. exd4 exd4 8. Na3 O-O 9. Nc2 a5 10. Rb1 Rb8 11. Re1 b5 12. cxb5 Rxb5 13. Bg5 Be6 14. Na3 Rb8 15. Nc4 h6 16. Bxf6 Bxf6 17. Nfd2 Bg5 18. Ne4 Bxc4 19. dxc4 Ne5 20. Nxg5 hxg5 21. Qd2 c5 22. f4 gxf4 23. Qxf4 Qd6 24. Bd3 Rbe8 25. Qg3 Re6 26. Bf5 Re7 27. Re4 g6 28. Rbe1 Rfe8 29. Bd7 Qxd7 30. Rxe5 Rxe5 31. Rxe5 Rxe5 32. Qxe5 d3 33. Qe1 Qd4+ 34. Kf1 Qf4+ 35. Kg1 Qxc4 36. Qe3 Qd5 37. Qd2 a4 38. a3 Qf5 39. h4 c4 40. Qe3 Qd5 41. Qd2 Qd4+ 0-1

[Event "55th Rubinstein Memorial-A 2019"]
[Site "Polanica-Zdroj"]
[Date "2019.08.19"]
[Round "3.7"]
[White "Malicka, Maria"]
[Black "Kozak, Antoni"]
[Result "0-1"]
[ECO "B41"]
[WhiteElo "2062"]
[BlackElo "2354"]
[Annotator "NA"]
[PlyCount "74"]
[EventDate "2019.08.17"]
[EventType "swiss"]
[EventCountry "POL"]
[SourceTitle "playchess.com"]
[Source "ChessBase"]
[SourceQuality "1"]
[TimeControl "40/5400+30:1800+30"]

1. e4 c5 2. Nf3 e6 3. d4 cxd4 4. Nxd4 a6 5. c4 Nf6 6. Nc3 Bb4 7. Qd3 O-O 8. e5 Ne8 9. Bf4 d6 10. Nc2 Bxc3+ 11. Qxc3 dxe5 12. Rd1 Qe7 13. Bxe5 Nc6 14. Be2 f6 15. Bf4 e5 16. Be3 f5 17. b4 Nf6 18. f3 Re8 19. O-O f4 20. Bc5 Qf7 21. Bd3 Qh5 22. Rfe1 Nd8 23. Bb6 Nf7 24. c5 Nd5 25. Bxh7+ Kxh7 26. Rxd5 Re6 27. Qd3+ Rg6 28. Bc7 Bf5 29. Qd2 Ng5 30. Rf1 Rh6 31. Rf2 Qxh2+ 32. Kf1 Be6 33. Bxe5 Bxd5 34. Qxd5 Re8 35. Nd4 Qh1+ 36. Ke2 Qc1 37. Nf5 Qb2+ 0-1

[Event "55th Rubinstein Memorial-A 2019"]
[Site "Polanica-Zdroj"]
[Date "2019.08.19"]
[Round "3.8"]
[White "Domanski, Lukasz"]
[Black "Kucza, Karol"]
[Result "0-1"]
[ECO "B10"]
[WhiteElo "2058"]
[BlackElo "2296"]
[Annotator "NA"]
[PlyCount "82"]
[EventDate "2019.08.17"]
[EventType "swiss"]
[EventCountry "POL"]
[SourceTitle "playchess.com"]
[Source "ChessBase"]
[SourceQuality "1"]
[TimeControl "40/5400+30:1800+30"]

1. e4 c6 2. c4 d5 3. exd5 cxd5 4. cxd5 Nf6 5. Nc3 Nxd5 6. Nf3 Nc6 7. Bb5 g6 8. Qa4 Qd6 9. O-O Bg7 10. Qh4 O-O 11. d4 Bf5 12. Bg5 f6 13. Bd2 g5 14. Qg3 Qxg3 15. hxg3 Nxc3 16. Bxc3 e6 17. Bc4 Rfd8 18. Rfe1 Rd6 19. Rad1 Rad8 20. Bb3 Kf7 21. Re3 Ne7 22. Bb4 R6d7 23. Bxe7 Rxe7 24. d5 exd5 25. Rxd5 Rxd5 26. Bxd5+ Kf8 27. Rxe7 Kxe7 28. Bxb7 Kd6 29. Kf1 Bb1 30. a3 g4 31. Nd4 f5 32. Nb5+ Kc5 33. Nc3 Bxc3 34. bxc3 Kc4 35. f3 Kxc3 36. Bc8 Kb3 37. fxg4 fxg4 38. Bxg4 Kxa3 39. Bd7 a5 40. Ke2 Bc2 41. g4 Kb2 0-1

[Event "55th Rubinstein Memorial-A 2019"]
[Site "Polanica-Zdroj"]
[Date "2019.08.19"]
[Round "3.9"]
[White "Mis, Mieszko"]
[Black "Majek, Kacper"]
[Result "1-0"]
[ECO "A20"]
[WhiteElo "2296"]
[BlackElo "1984"]
[Annotator "NA"]
[PlyCount "105"]
[EventDate "2019.08.17"]
[EventType "swiss"]
[EventCountry "POL"]
[SourceTitle "playchess.com"]
[Source "ChessBase"]
[SourceQuality "1"]
[TimeControl "40/5400+30:1800+30"]

1. c4 e5 2. g3 Nc6 3. Nc3 f5 4. Nf3 Nf6 5. d4 e4 6. Nh4 d6 7. Bh3 g6 8. Bg5 Bg7 9. Qd2 O-O 10. Nd5 Qd7 11. Nxf6+ Bxf6 12. Bxf6 Rxf6 13. Ng2 Rf8 14. Nf4 Qf7 15. b3 a5 16. O-O Bd7 17. f3 exf3 18. exf3 Rfe8 19. Bg2 Ne7 20. d5 g5 21. Ne6 Bxe6 22. dxe6 Qxe6 23. Qxg5+ Qg6 24. Qd2 Qf6 25. f4 Nc6 26. Rad1 Kg7 27. Rfe1 h5 28. Rxe8 Rxe8 29. Bxc6 bxc6 30. Qxa5 Re7 31. Re1 Qd4+ 32. Kg2 Rxe1 33. Qxe1 Qb2+ 34. Qf2 Qb1 35. Qe2 Kf6 36. Kh3 c5 37. Kh4 Qa1 38. Qxh5 Qxa2 39. Qg5+ Ke6 40. Qg6+ Ke7 41. Qxf5 Qxh2+ 42. Kg4 Qb2 43. Qe4+ Kf8 44. f5 Qg7+ 45. Kf3 Qh6 46. Qh4 Qxh4 47. gxh4 c6 48. h5 Kg8 49. Kf4 Kg7 50. Kg5 d5 51. cxd5 cxd5 52. Kf4 Kh6 53. f6 1-0

[Event "55th Rubinstein Memorial-A 2019"]
[Site "Polanica-Zdroj"]
[Date "2019.08.19"]
[Round "3.10"]
[White "Kaczmarek, Arkadiusz"]
[Black "Lapaj, Mateusz"]
[Result "1-0"]
[ECO "E92"]
[WhiteElo "1986"]
[BlackElo "2233"]
[Annotator "NA"]
[PlyCount "99"]
[EventDate "2019.08.17"]
[EventType "swiss"]
[EventCountry "POL"]
[SourceTitle "playchess.com"]
[Source "ChessBase"]
[SourceQuality "1"]
[TimeControl "40/5400+30:1800+30"]

1. d4 Nf6 2. c4 g6 3. Nc3 Bg7 4. e4 d6 5. Nf3 O-O 6. Be2 e5 7. Be3 Ng4 8. Bg5 f6 9. Bh4 g5 10. Bg3 Nh6 11. dxe5 dxe5 12. Qxd8 Rxd8 13. h4 g4 14. Nd2 Na6 15. O-O-O Be6 16. a3 Nc5 17. b4 Nd3+ 18. Kc2 Nf4 19. Bxf4 exf4 20. Nb3 f5 21. Nc5 Bf7 22. Nxb7 Re8 23. e5 Bxe5 24. Bd3 f3 25. g3 f4 26. gxf4 Bxf4 27. Ne4 Kg7 28. Rhg1 Bxc4 29. Bxc4 Rxe4 30. Rd7+ Kf6 31. Bd3 Re7 32. Rxe7 Kxe7 33. Re1+ Kf6 34. Nc5 Rd8 35. Re6+ Kf7 36. Bc4 Rd2+ 37. Kc3 Kg7 38. Re7+ Kg6 39. Re4 Rxf2 40. Rxf4 g3 41. Bd3+ Kh5 42. Ne4 Ng4 43. Nxf2 Nxf2 44. Rxf3 Kxh4 45. Bf1 Kg4 46. Rf7 h5 47. Rxc7 h4 48. Rxa7 h3 49. Rg7+ Kf4 50. b5 1-0

[Event "55th Rubinstein Memorial-A 2019"]
[Site "Polanica-Zdroj"]
[Date "2019.08.19"]
[Round "3.11"]
[White "Wloch, Mikolaj"]
[Black "Goluch, Piotr"]
[Result "1/2-1/2"]
[ECO "B11"]
[WhiteElo "1771"]
[BlackElo "2418"]
[Annotator "NA"]
[PlyCount "106"]
[EventDate "2019.08.17"]
[EventType "swiss"]
[EventCountry "POL"]
[SourceTitle "playchess.com"]
[Source "ChessBase"]
[SourceQuality "1"]
[TimeControl "40/5400+30:1800+30"]

1. e4 c6 2. Nf3 d5 3. Nc3 Bg4 4. Be2 e6 5. d4 Nd7 6. Be3 Bb4 7. e5 Ne7 8. h3 Bxf3 9. Bxf3 Nf5 10. O-O Nxe3 11. fxe3 Bxc3 12. bxc3 Qa5 13. Qd3 b5 14. e4 Rc8 15. Bg4 O-O 16. Rf3 Nb6 17. Raf1 dxe4 18. Qxe4 Qxa2 19. Bh5 Rc7 20. Qh4 Qd5 21. Rf4 Nc8 22. Bf3 Qd8 23. Qh5 Ne7 24. Be4 Ng6 25. g3 Re8 26. R4f2 b4 27. Qf3 c5 28. dxc5 bxc3 29. Qxc3 Qg5 30. Bxg6 hxg6 31. h4 Qe7 32. Rxf7 Qxf7 33. Rxf7 Rxf7 34. Qd4 a5 35. c6 Kh7 36. Qe4 Kg8 37. Qxg6 Ree7 38. Qg4 Rf8 39. Qc4 Ra8 40. Qc5 Ree8 41. Qa3 a4 42. h5 Kh7 43. Qd3+ Kh8 44. h6 Re7 45. Qd6 Raa7 46. hxg7+ Kxg7 47. Qd2 Kg8 48. Qh6 a3 49. Qg6+ Kh8 50. Qh6+ Kg8 51. Qg6+ Rg7 52. Qe8+ Kh7 53. Qh5+ Kg8 1/2-1/2

[Event "55th Rubinstein Memorial-A 2019"]
[Site "Polanica-Zdroj"]
[Date "2019.08.19"]
[Round "3.12"]
[White "Hetzer, Volkhard"]
[Black "Kosakowski, Jakub"]
[Result "0-1"]
[ECO "A04"]
[WhiteElo "1931"]
[BlackElo "2401"]
[Annotator "NA"]
[PlyCount "82"]
[EventDate "2019.08.17"]
[EventType "swiss"]
[EventCountry "POL"]
[SourceTitle "playchess.com"]
[Source "ChessBase"]
[SourceQuality "1"]
[TimeControl "40/5400+30:1800+30"]

1. Nf3 g6 2. c4 Bg7 3. Nc3 f5 4. g3 Nf6 5. Bg2 O-O 6. O-O d6 7. d3 e5 8. Rb1 Nbd7 9. b4 c6 10. Nd2 Qc7 11. a4 Re8 12. a5 a6 13. Bb2 Nf8 14. b5 Ne6 15. bxc6 bxc6 16. Nb3 Bd7 17. Na4 Rad8 18. Nb6 c5 19. e3 Bc6 20. Nd5 Qd7 21. Nxf6+ Bxf6 22. Bxc6 Qxc6 23. Qc2 Ng5 24. e4 fxe4 25. dxe4 Nxe4 26. Qd3 Ng5 27. Qd5+ Qxd5 28. cxd5 Nf3+ 29. Kg2 Rb8 30. Bc3 Rb5 31. Nd2 Nxd2 32. Bxd2 Reb8 33. Rbc1 Bd8 34. f4 e4 35. f5 Rb2 36. Rf2 gxf5 37. Bf4 Bxa5 38. Bxd6 e3 39. Rxb2 Rxb2+ 40. Kf3 e2 41. Be5 Rc2 0-1

[Event "55th Rubinstein Memorial-A 2019"]
[Site "Polanica-Zdroj"]
[Date "2019.08.19"]
[Round "3.13"]
[White "Rak, Maciej"]
[Black "Marszalek, Maciej"]
[Result "0-1"]
[ECO "C88"]
[WhiteElo "1779"]
[BlackElo "2295"]
[Annotator "NA"]
[PlyCount "110"]
[EventDate "2019.08.17"]
[EventType "swiss"]
[EventCountry "POL"]
[SourceTitle "playchess.com"]
[Source "ChessBase"]
[SourceQuality "1"]
[TimeControl "40/5400+30:1800+30"]

1. e4 e5 2. Nf3 Nc6 3. Bb5 a6 4. Ba4 Nf6 5. O-O b5 6. Bb3 Be7 7. Re1 O-O 8. a4 b4 9. d3 d6 10. a5 Rb8 11. Nbd2 Be6 12. h3 h6 13. Nc4 Nh7 14. d4 Nxd4 15. Nxd4 exd4 16. Qxd4 Rb5 17. Nd2 Qc8 18. Bxe6 fxe6 19. Nf1 Bf6 20. Qd3 Qe8 21. f4 g5 22. e5 dxe5 23. fxg5 hxg5 24. Ng3 e4 25. Nxe4 Bg7 26. Bd2 Qd8 27. Qxd8 Rxd8 28. Ra4 Rd4 29. Re2 Nf8 30. Nxg5 Rxd2 31. Rxd2 Rxg5 32. Rxb4 Rxa5 33. c3 Kf7 34. Rb8 Ra1+ 35. Kh2 Be5+ 36. g3 Bd6 37. Kg2 Kg7 38. Rd8 Re1 39. Kf2 Re5 40. b4 a5 41. Rb8 axb4 42. cxb4 Re4 43. b5 Rb4 44. h4 Nh7 45. Rd3 Nf6 46. Kg2 Nd5 47. Rf3 Rb2+ 48. Kh3 Nf6 49. b6 cxb6 50. Rb7+ Kg6 51. h5+ Nxh5 52. Rff7 Rb3 53. Kh4 Bxg3+ 54. Kg4 Nf6+ 55. Kh3 Bc7+ 0-1

[Event "55th Rubinstein Memorial-A 2019"]
[Site "Polanica-Zdroj"]
[Date "2019.08.19"]
[Round "3.14"]
[White "Siekanski, Janusz"]
[Black "Praczukowski, Stanislaw"]
[Result "1/2-1/2"]
[ECO "D85"]
[WhiteElo "2263"]
[BlackElo "2126"]
[Annotator "NA"]
[PlyCount "67"]
[EventDate "2019.08.17"]
[EventType "swiss"]
[EventCountry "POL"]
[SourceTitle "playchess.com"]
[Source "ChessBase"]
[SourceQuality "1"]
[TimeControl "40/5400+30:1800+30"]

1. d4 Nf6 2. c4 g6 3. Nc3 d5 4. cxd5 Nxd5 5. e4 Nxc3 6. bxc3 Bg7 7. Be3 c5 8. Qd2 cxd4 9. cxd4 Nc6 10. Bb5 O-O 11. Ne2 Bd7 12. Rb1 b6 13. O-O Na5 14. Ba6 Bc8 15. Bd3 Bb7 16. Bh6 Rc8 17. Bxg7 Kxg7 18. Rfc1 Qd7 19. d5 Rxc1+ 20. Rxc1 Rc8 21. f4 Rxc1+ 22. Qxc1 e6 23. Nd4 exd5 24. e5 Qa4 25. Nf3 Qb4 26. Kh1 d4 27. f5 Bxf3 28. f6+ Kg8 29. gxf3 Qc5 30. Qh6 Qf8 31. Qf4 Qb4 32. Qh6 Qf8 33. Qf4 Qb4 34. Qh6 1/2-1/2

[Event "55th Rubinstein Memorial-A 2019"]
[Site "Polanica-Zdroj"]
[Date "2019.08.19"]
[Round "3.15"]
[White "Jaroch, Karol"]
[Black "Budkiewicz, Magdalena"]
[Result "1-0"]
[ECO "B40"]
[WhiteElo "2231"]
[BlackElo "1645"]
[Annotator "NA"]
[PlyCount "49"]
[EventDate "2019.08.17"]
[EventType "swiss"]
[EventCountry "POL"]
[SourceTitle "playchess.com"]
[Source "ChessBase"]
[SourceQuality "1"]
[TimeControl "40/5400+30:1800+30"]

1. e4 c5 2. Nf3 e6 3. b3 a6 4. Bb2 d6 5. d4 cxd4 6. Nxd4 Nf6 7. Bd3 b5 8. a4 b4 9. O-O Bb7 10. Nd2 Nbd7 11. Qe2 Be7 12. f4 O-O 13. Rf3 Nc5 14. Rh3 d5 15. e5 Nfe4 16. f5 Nxd3 17. cxd3 Nxd2 18. f6 Bxf6 19. exf6 Qxf6 20. Qxd2 e5 21. Qxb4 Bc8 22. Rf3 Qg6 23. Rg3 Qh6 24. Nf3 f6 25. Qe7 1-0

[Event "55th Rubinstein Memorial-A 2019"]
[Site "Polanica-Zdroj"]
[Date "2019.08.19"]
[Round "3.16"]
[White "Wysocki, Mateusz"]
[Black "Niedbala, Bartlomiej"]
[Result "1-0"]
[ECO "B03"]
[WhiteElo "1786"]
[BlackElo "2169"]
[Annotator "NA"]
[PlyCount "113"]
[EventDate "2019.08.17"]
[EventType "swiss"]
[EventCountry "POL"]
[SourceTitle "playchess.com"]
[Source "ChessBase"]
[SourceQuality "1"]
[TimeControl "40/5400+30:1800+30"]

1. e4 Nf6 2. e5 Nd5 3. d4 d6 4. c4 Nb6 5. exd6 cxd6 6. Nf3 g6 7. Be2 Bg7 8. O-O O-O 9. Be3 Bg4 10. Nbd2 Nc6 11. h3 Bxf3 12. Nxf3 d5 13. c5 Nc4 14. Bxc4 dxc4 15. Rc1 Qd5 16. Qa4 Rfd8 17. Rfd1 Rd7 18. Qxc4 Rad8 19. Rd2 Qf5 20. Rcd1 Rd5 21. b4 a6 22. a4 a5 23. bxa5 Nxa5 24. Qb4 Ra8 25. Qb5 Bf6 26. Ne1 Qc8 27. Nc2 Nc6 28. Nb4 Nxb4 29. Qxb4 Qc6 30. a5 e6 31. Rb1 Rd7 32. Qb5 Qc8 33. Rb4 Ra6 34. Qa4 Bd8 35. Rb5 Qc6 36. Qb4 Qc8 37. Rb2 Ra7 38. Rb1 Qc6 39. Bd2 h5 40. Bc3 Kh7 41. Qb3 Kg8 42. Qc2 Rd5 43. Qe2 Rg5 44. f3 Rd5 45. Qe4 Bc7 46. Kf1 Kh7 47. Qe3 Rf5 48. R1b3 Qd5 49. Kg1 Rf4 50. c6 Qxc6 51. d5 Qa6 52. dxe6 fxe6 53. Rc5 b5 54. Rxc7+ Rxc7 55. Qxf4 Qa7+ 56. Bd4 Qxa5 57. Qe5 1-0

[Event "55th Rubinstein Memorial-A 2019"]
[Site "Polanica-Zdroj"]
[Date "2019.08.19"]
[Round "3.17"]
[White "Mikhaletz, Lubomir"]
[Black "Luberanski, Jakub"]
[Result "1-0"]
[ECO "A45"]
[WhiteElo "2412"]
[BlackElo "1996"]
[Annotator "NA"]
[PlyCount "93"]
[EventDate "2019.08.17"]
[EventType "swiss"]
[EventCountry "POL"]
[SourceTitle "playchess.com"]
[Source "ChessBase"]
[SourceQuality "1"]
[TimeControl "40/5400+30:1800+30"]

1. d4 Nf6 2. Bg5 c5 3. Bxf6 gxf6 4. c3 Qb6 5. Qd2 d6 6. e3 f5 7. Ne2 Nd7 8. g3 Nf6 9. Bg2 Bg7 10. Na3 h5 11. h4 Ne4 12. Qc2 d5 13. Nf4 cxd4 14. exd4 e6 15. Bf3 Nf6 16. Qe2 Kf8 17. Rb1 Bd7 18. Bxh5 Re8 19. Bf3 e5 20. dxe5 Ng4 21. Nxd5 Qh6 22. O-O Bxe5 23. Bxg4 Bxg3 24. fxg3 Rxe2 25. Bxe2 Qd2 26. Nf4 Qe3+ 27. Kh2 Bc6 28. Nc4 Qe7 29. Bd3 Be4 30. Rbd1 Bxd3 31. Rxd3 Rh6 32. Rf2 b5 33. Ne3 Qe4 34. Rd8+ Kg7 35. Ned5 a5 36. Re2 Qf3 37. Ree8 Qf2+ 38. Ng2 f4 39. Rg8+ Kh7 40. Rh8+ Kg6 41. Ndxf4+ Kf5 42. Rxh6 Qxb2 43. Rd5+ Ke4 44. Rd4+ Kf3 45. Rf6 Qxa2 46. Nd3+ Ke2 47. Nc1# 1-0

[Event "55th Rubinstein Memorial-A 2019"]
[Site "Polanica-Zdroj"]
[Date "2019.08.19"]
[Round "3.18"]
[White "Hasterok, Mateusz"]
[Black "Psyk, Radoslaw"]
[Result "0-1"]
[ECO "A02"]
[WhiteElo "1911"]
[BlackElo "2326"]
[Annotator "NA"]
[PlyCount "54"]
[EventDate "2019.08.17"]
[EventType "swiss"]
[EventCountry "POL"]
[SourceTitle "playchess.com"]
[Source "ChessBase"]
[SourceQuality "1"]
[TimeControl "40/5400+30:1800+30"]

1. f4 e5 2. fxe5 d6 3. exd6 Bxd6 4. Nf3 g5 5. d4 g4 6. Ng5 f5 7. e4 h6 8. e5 hxg5 9. exd6 cxd6 10. Bb5+ Bd7 11. Qe2+ Qe7 12. Bxd7+ Kxd7 13. Qxe7+ Nxe7 14. Bxg5 Nbc6 15. c3 Nd5 16. O-O Rh5 17. Bf4 Rah8 18. Nd2 Nxf4 19. Rxf4 Rxh2 20. Kf2 Ne7 21. Nc4 Ng6 22. Rxf5 Nh4 23. Rf7+ Ke6 24. Rxb7 Rxg2+ 25. Ke3 Nf5+ 26. Kf4 Rf2+ 27. Ke4 d5+ 0-1

[Event "55th Rubinstein Memorial-A 2019"]
[Site "Polanica-Zdroj"]
[Date "2019.08.19"]
[Round "3.19"]
[White "Goslawski, Michal"]
[Black "Wojcik, Wieslaw"]
[Result "1-0"]
[ECO "E68"]
[WhiteElo "2160"]
[BlackElo "1882"]
[Annotator "NA"]
[PlyCount "86"]
[EventDate "2019.08.17"]
[EventType "swiss"]
[EventCountry "POL"]
[SourceTitle "playchess.com"]
[Source "ChessBase"]
[SourceQuality "1"]
[TimeControl "40/5400+30:1800+30"]

1. g3 g6 2. c4 Bg7 3. d4 Nf6 4. Nf3 O-O 5. Bg2 d6 6. O-O Nbd7 7. Nc3 e5 8. e4 Re8 9. h3 h6 10. Rb1 exd4 11. Nxd4 Nc5 12. Re1 a5 13. Ndb5 Bd7 14. Bf4 Ne6 15. Be3 Bc6 16. Qc2 Nd7 17. Rbd1 Ndc5 18. f4 Qc8 19. Qf2 Nd7 20. Rf1 f5 21. exf5 gxf5 22. Nd5 Ndc5 23. Rfe1 Ne4 24. Qf3 Qd7 25. a4 Bxb2 26. g4 N6c5 27. gxf5 Bxd5 28. cxd5 Nf6 29. Qf2 Nxa4 30. Qg3+ Kh8 31. Nd4 Rg8 32. Qh4 Qg7 33. Rd2 Nxd5 34. Ne6 Qf6 35. Ng5 Nxe3 36. Rxe3 Rae8 37. Re6 Rxe6 38. fxe6 Rg6 39. Be4 Rg7 40. Kh1 Kg8 41. Bd5 Qe7 42. Qxh6 Bc1 43. Nf7 Qf6 1-0